 Dungeon Crawl Stone Soup version 0.19.1 (webtiles) character file.

333 ixsman the Magician (level 6, -2/32 HPs)
             Began as a Deep Elf Conjurer on Dec 12, 2016.
             Slain by an orc wizard
             ... wielding a +0 dagger of speed
              (4 damage)
             ... on level 4 of the Dungeon.
             The game lasted 00:07:45 (3281 turns).

ixsman the Magician (Deep Elf Conjurer)             Turns: 3281, Time: 00:07:45

Health: -2/32      AC:  2    Str:  5    XL:     6   Next: 27%
Magic:  11/17      EV: 13    Int: 22    God:
Gold:   184        SH:  0    Dex: 15    Spells: 4 memorised, 7 levels left

rFire  . . .     SeeInvis .     q - +0 hunting sling
rCold  . . .     Gourm    .     a - +0 robe
rNeg   . . .     Faith    .     (no shield)
rPois  .         Spirit   .     (no helmet)
rElec  .         Reflect  .     (no cloak)
rCorr  .         Harm     .     (no gloves)
MR     .....                    (no boots)
Stlth  +.........               (no amulet)
                                (no ring)
                                e - +1 ring of slaying

@: confused
A: no striking features
a: no special abilities


You were on level 4 of the Dungeon.
You were not hungry.

You visited 1 branch of the dungeon, and saw 4 of its levels.

You collected 184 gold pieces.

Inventory:

Hand Weapons
 d - a +0 club
 q - a +0 hunting sling (weapon)
 u - a +0 dagger of draining
Missiles
 r - 43 stones (quivered)
Armour
 a - a +0 robe (worn)
Jewellery
 e - a +1 ring of slaying (left hand)
 o - an uncursed ring of wizardry {unknown}
Scrolls
 h - 2 scrolls of teleportation {unknown}
 i - a scroll of blinking {unknown}
 j - 3 scrolls of identify {unknown}
 k - 4 scrolls of remove curse {unknown}
 l - 4 scrolls of recharging {unknown}
 n - a scroll of enchant weapon {unknown}
 v - a scroll of amnesia {unknown}
 y - a scroll of enchant armour {unknown}
Potions
 f - a potion of lignification {unknown}
 m - 2 potions of heal wounds {unknown}
 t - a potion of curing {unknown}
 w - a potion of degeneration {unknown}
Books
 b - a book of Conjurations

   Spells                             Type                      Level
   a - Magic Dart                     Conjuration                  1
   b - Searing Ray                    Conjuration                  2
   c - Dazzling Spray                 Conjuration/Hexes            3
   d - Fulminant Prism                Conjuration/Hexes            4
   e - Iskenderun's Mystic Blast      Conjuration                  4
   f - Iskenderun's Battlesphere      Conjuration/Charms           5
 p - a book of Maledictions

   Spells                             Type                      Level
   a - Corona                         Hexes                        1
   b - Ensorcelled Hibernation        Hexes/Ice                    2
   c - Confuse                        Hexes                        3
   d - Tukima's Dance                 Hexes                        3
   e - Dazzling Spray                 Conjuration/Hexes            3
Comestibles
 c - 3 bread rations
 g - 2 meat rations
 s - a beef jerky
 x - a chunk of flesh


   Skills:
 - Level 2.4 Dodging
 - Level 2.4 Stealth
 * Level 6.8 Spellcasting
 + Level 5.7 Conjurations
 + Level 3.2 Hexes


You had 7 spell levels left.
You knew the following spells:

 Your Spells              Type           Power        Failure   Level  Hunger
a - Magic Dart            Conj           ####         1%          1    None
b - Searing Ray           Conj           ####..       1%          2    None
c - Dazzling Spray        Conj/Hex       ####..       4%          3    None
d - Iskenderun's Battles  Conj/Chrm      ###.....     75%         5    #####..


Dungeon Overview and Level Annotations

Branches:
Dungeon (4/15)
 Temple: D:4-7

Altars:
Cheibriados


Message History

The orc wizard casts a spell at you. The puff of flame hits you!
Your magical contamination has completely faded away.
The orc priest mumbles some strange prayers to Beogh against you.
Beogh smites you! The orc wizard closely misses you. The orc priest misses you.
The orc wizard casts a spell at you. The magic dart hits you!
* * * LOW HITPOINT WARNING * * *
The orc priest misses you. The orc wizard misses you.
The orc wizard hits you with a dagger of speed.
* * * LOW HITPOINT WARNING * * *
The orc priest closely misses you.
The orc wizard gestures wildly while chanting.
The orc wizard flickers and vanishes!
Deactivating autopickup; reactivate with Ctrl-A.
The orc priest hits you with a hand axe.
* * * LOW HITPOINT WARNING * * *
Something hits you.
You die...

#..#........##
#..
#.........###
#o..
#....oo.....#
o...
#...........#
###.
#...........#
#...........#
..#..........##
#..#.......##o#
#......####@{#
#.#### #...#
#..## ##..##
##..####..##
###.#..##..##
##.........##
##..........#
#..........##
##..........##


You could see an orc priest.

Vanquished Creatures
  A sky beast (D:4)
  A hound (D:4)
  4 gnolls (D:3)
  8 adders
  2 adder skeletons (D:4)
  3 worms
  3 dart slugs
  3 leopard geckos
  An orc (D:3)
  3 giant cockroaches (D:2)
  7 goblins
  10 hobgoblins
  7 jackals
  3 quokkas
  2 ball pythons (D:2)
  11 bats
  4 frilled lizards
  2 kobolds
  A quokka skeleton (D:4)
  7 rats
83 creatures vanquished.

Notes
Turn   | Place    | Note
-------+----------+-------------------------------------------
     0 | D:1      | ixsman the Deep Elf Conjurer began the quest for the Orb.
     0 | D:1      | Reached XP level 1. HP: 10/10 MP: 6/6
   179 | D:1      | Reached XP level 2. HP: 15/15 MP: 3/8
   237 | D:1      | Reached skill level 4 in Spellcasting
   925 | D:2      | Reached XP level 3. HP: 19/19 MP: 6/10
   929 | D:2      | Learned a level 2 spell: Searing Ray
   933 | D:2      | Learned a level 3 spell: Dazzling Spray
  1276 | D:2      | Reached skill level 5 in Spellcasting
  1276 | D:2      | Reached skill level 1 in Hexes
  1276 | D:2      | Reached XP level 4. HP: 24/24 MP: 8/13
  1546 | D:2      | Reached skill level 5 in Conjurations
  2242 | D:3      | Reached XP level 5. HP: 28/28 MP: 8/15
  2290 | D:3      | Reached skill level 6 in Spellcasting
  2741 | D:3      | Learned a level 5 spell: Iskenderun's Battlesphere
  2902 | D:4      | Found a snail-covered altar of Cheibriados.
  3075 | D:4      | Noticed a sky beast
  3081 | D:4      | Killed a sky beast
  3081 | D:4      | Reached XP level 6. HP: 20/32 MP: 9/17
  3281 | D:4      | Slain by an orc wizard

Skill      XL: |  1  2  3  4  5 |
---------------+----------------+-----
Spellcasting   | 4 5 6 |  6.8
Hexes          | 1 2 3 |  3.2
Conjurations   | 5 |  5.7
Dodging        | |  2.4
Stealth        | |  2.4

Action                   |  1- 3 |  4- 6 || total
-------------------------+-------+-------++-------
Melee: Club              |     1 |       ||     1
 Cast: Magic Dart        |    77 |    86 ||   163
       Searing Ray       |     1 |    12 ||    13
  Eat: Chunk             |     1 |     6 ||     7
Armor: Robe              |     2 |     3 ||     5
Dodge: Dodged            |     7 |    20 ||    27
